 Dungeon Crawl Stone Soup version 0.19.5 (webtiles) character file.

227 Drleta the Poker (level 5, -1/37 HPs)
             Began as a Demonspawn Chaos Knight on Apr 4, 2017.
             Succumbed to a worker ant's poison
             ... on level 4 of the Dungeon.
             The game lasted 00:28:19 (3411 turns).

Drleta the Poker (Demonspawn Chaos Knight)          Turns: 3411, Time: 00:28:20

Health: -1/37      AC: 16    Str: 11    XL:     5   Next: 70%
Magic:  5/5        EV:  2    Int: 13    God:    Xom [.....*]
Gold:   236        SH:  0    Dex: 13    Spells: 0 memorised, 4 levels left

rFire  . . .     SeeInvis .     l - +4 spear
rCold  . . .     Gourm    .     c - +0 plate armour
rNeg   . . .     Faith    .     (no shield)
rPois  .         Spirit   .     x - +2 hat
rElec  .         Reflect  .     (no cloak)
rCorr  .         Harm     .     (no gloves)
MR     .....                    q - +2 pair of boots
Stlth  ..........               (no amulet)
                                (no ring)
                                (no ring)

@: lethally poisoned (-1 -> -15)
A: antennae 2, blurry vision 1, frail 1, nightstalker 1, weak 1, subdued magic 1
a: Renounce Religion


You were on level 4 of the Dungeon.
You worshipped Xom.
You were Xom's teddy bear.
You were not hungry.

You visited 1 branch of the dungeon, and saw 4 of its levels.
You also visited: Sewer.

You collected 236 gold pieces.

Inventory:

Hand Weapons
 a - a +0 spear of chaos
 l - a +4 spear (weapon)
 m - a +1 vampiric short sword
Missiles
 r - 10 poisoned needles
 s - 15 bolts
Armour
 b - a +2 leather armour
 c - a +0 plate armour (worn)
 h - a cursed +0 leather armour
 q - a +2 pair of boots (worn)
 x - a +2 hat (worn)
Scrolls
 d - 6 scrolls of teleportation
 j - 2 scrolls of fear
 k - a scroll of noise {unknown}
 n - 3 scrolls of remove curse {unknown}
 o - 3 scrolls of fog {unknown}
 p - 2 scrolls of enchant armour {unknown}
 t - 2 scrolls of recharging {unknown}
 w - a scroll of magic mapping {unknown}
Potions
 e - a potion of degeneration {unknown}
 f - a potion of might {unknown}
 g - a potion of curing
 i - 2 potions of mutation {unknown}
 u - a potion of invisibility {unknown}
 v - 3 potions of flight
 z - a potion of lignification {unknown}


   Skills:
 * Level 4.0 Fighting
 * Level 4.4 Polearms
 + Level 2.5 Armour
 + Level 0.8 Dodging
 * Level 2.0 Stealth


You had 4 spell levels left.
You didn't know any spells.

Dungeon Overview and Level Annotations

Branches:
Dungeon (4/15)
 Temple: D:4-7

Altars:
Cheibriados
Elyvilon
Nemelex Xobeh
Xom
Yredelemnul


Innate Abilities, Weirdness & Mutations

You have a pair of antennae on your head.
You are slightly more attuned to the shadows.
Scrolls take you a little longer to read.
You are frail. (-10% HP)
You are weak. (Str -2)
Your spells are a little easier to cast, but a little less powerful.


Message History

The worker ant is severely wounded.
* * * LOW HITPOINT WARNING * * *
You feel sick.
The worker ant bites you but does no damage.
You are too injured to fight recklessly!
Okay, then.
Really read with blurry vision while enemies are nearby? [Y]es or [N]o only, please.
Really read with blurry vision while enemies are nearby?
Okay, then.
There is a lethal amount of poison in your body!
Unknown command.
* * * LOW HITPOINT WARNING * * *
You feel sick.
The worker ant bites you but does no damage.
Found a meat ration and 10 gold pieces.
* * * LOW HITPOINT WARNING * * *
You feel sick.
You die...
Xom chuckles heartily!

#...####......#
......#."....##
###.##.....(....
......##......##
........†<......
.$%###........##
#.....a.....(.#
##.............#
#...%@.........
#..............
#..............
#......!#......
........#####
#.......#
.........


You could see a worker ant.

Vanquished Creatures
  A worker ant (D:4)
  A worker ant zombie (D:3)
  Robin (D:3)
  5 adders
  A river rat (D:3)
  2 worms
  A dart slug (D:2)
  2 leopard geckos
  6 orcs (D:3)
  7 giant cockroaches
  12 goblins
  8 hobgoblins
  8 jackals
  3 quokkas
  10 ball pythons
  13 bats
  3 frilled lizards
  3 kobolds
  10 rats
  A plant (D:3)
98 creatures vanquished.

Vanquished Creatures (collateral kills)
  An adder (D:3)
  2 ball pythons (D:3)
  A kobold (D:3)
4 creatures vanquished.

Vanquished Creatures (others)
  A plant (D:3)
1 creature vanquished.

Grand Total: 103 creatures vanquished

Notes
Turn   | Place    | Note
-------+----------+-------------------------------------------
     0 | D:1      | Drleta the Demonspawn Chaos Knight began the quest for the Orb.
     0 | D:1      | Reached XP level 1. HP: 18/18 MP: 1/1
   328 | D:1      | XOM: harmless Fire miscast
   356 | D:1      | XOM: harmless Tloc miscast
   374 | D:1      | Gained mutation: You are slightly more attuned to the shadows. [demonic ancestry]
   374 | D:1      | Reached XP level 2. HP: 13/24 MP: 2/2
   397 | D:1      | XOM: harmless Chrm miscast
   619 | D:1      | XOM: divination: magic mapping
  1091 | D:2      | XOM: scenery: create altars
  1230 | D:2      | Reached skill level 1 in Stealth
  1230 | D:2      | Gained mutation: You have a pair of small antennae on your head. [demonic ancestry]
  1230 | D:2      | Reached XP level 3. HP: 28/29 MP: 3/3
  1369 | D:2      | Found a white marble altar of Elyvilon.
  1459 | D:2      | Found a basalt altar of Yredelemnul.
  1566 | D:2      | Found a sparkling altar of Nemelex Xobeh.
  1764 | D:2      | XOM: scenery: create altars
  1787 | D:3      | Reached XP level 4. HP: 37/37 MP: 4/4
  1825 | D:3      | Found a snail-covered altar of Cheibriados.
  1891 | D:3      | Noticed Robin
  1911 | D:3      | Killed Robin
  2084 | D:3      | XOM: cast spell 'Death Channel'
  2267 | D:3      | Gained mutation: You have a pair of antennae on your head. [demonic ancestry]
  2267 | D:3      | Reached XP level 5. HP: 42/42 MP: 5/5
  2287 | D:3      | Found a glowing drain.
  2314 | Sewer    | XOM: noise
  2314 | Sewer    | Entered a sewer
  3049 | D:3      | XOM: god gift: 13 gold pieces
  3178 | D:3      | XOM: scenery: create altars
  3293 | D:3      | XOM is BORED!
  3293 | D:3      | XOM: give mutations
  3293 | D:3      | Gained mutation: You are frail. (-10% HP) [Xom's mischief]
  3293 | D:3      | Gained mutation: Your spells are a little easier to cast, but a little less powerful. [Xom's mischief]
  3293 | D:3      | Gained mutation: You are weak. (Str -2) [Xom's mischief]
  3293 | D:3      | Gained mutation: Scrolls take you a little longer to read. [Xom's mischief]
  3316 | D:3      | XOM: polymorph quokka -> orc
  3410 | D:4      | HP: 1/37 [poisoned by a worker ant]
  3411 | D:4      | Succumbed to a worker ant's poison

Skill      XL: |  1  2  3  4  5 |
---------------+----------------+-----
Polearms       | 3 4 |  4.4
Armour         | 2 |  2.5
Stealth        | 1 2 |  2.0
Fighting       | 4 |  4.0
Dodging        | |  0.8

Action                   |  1- 3 |  4- 6 || total
-------------------------+-------+-------++-------
Melee: Spear             |    82 |   260 ||   342
  Use: Scroll            |     4 |     2 ||     6
       Potion            |     1 |       ||     1
 Stab: Sleeping          |     3 |       ||     3
  Eat: Bread ration      |     1 |       ||     1
       Meat ration       |       |     1 ||     1
Armor: Leather armour    |    27 |       ||    27
       Plate armour      |     4 |   134 ||   138
Dodge: Dodged            |    56 |    26 ||    82
